 Dungeon Crawl Stone Soup version 0.30-a0-166-g5d06c95188 (webtiles) character file.

Game seed: 613386913898563790

6888 qw the Cleaver (level 11, -5/71 HPs)
             Began as a Gargoyle Fighter on Sept 29, 2022.
             Slain by a two-headed ogre
             ... wielding a +0 giant club
              (18 damage)
             ... on level 9 of the Dungeon.
             The game lasted 00:02:50 (6141 turns).

qw the Cleaver (Gargoyle Fighter)                   Turns: 6141, Time: 00:02:50

Health: -5/71      AC: 23    Str: 29    XL:     11   Next: 6%
Magic:  11/11      EV: 10    Int: 10    God:
Gold:   332        SH:  7    Dex: 11    Spells: 10/10 levels left

rFire   x . .      SeeInvis .    Y - +3 war axe (freeze)
rCold   + + .      Faith    .    f - +2 buckler
rNeg    + . .      Spirit   .    m - +0 ice dragon scales
rPois   inf        Reflect  .    a - +0 helmet of Kumieck {+Blink +Inv rPois Regen+}
rElec   +          Harm     .    (no cloak)
rCorr   .          Rampage  .    u - +0 pair of gloves
Will    .....                    (no boots)
Stlth   +.........               (no amulet)
HPRegen 1.01/turn                o - +6 ring of strength
MPRegen 0.12/turn                (no ring)

@: no status effects
A: sickness immunity, AC +8, negative energy resistance 1, electricity
resistance, torment resistance 1, petrification resistance, thin skeletal
structure 1, deterioration 1, shaggy fur 1
a: Evoke Blink, Evoke Invisibility


You were on level 9 of the Dungeon.
You visited 1 branch of the dungeon, and saw 9 of its levels.

You collected 436 gold pieces.
You spent 104 gold pieces at shops.


Innate Abilities, Weirdness & Mutations

You are immune to sickness and miasma.
Your stone body is resilient. (AC +8)
You are immune to poison.
You resist negative energy. (rN+)
You are resistant to electric shocks. (rElec)
You are resistant to unholy torment.
You are immune to petrification.
You have a somewhat thin skeletal structure. (Dex +2, Stealth+)
Your body sometimes deteriorates upon taking damage.
You are covered in fur. (AC +1)


   Skills:
 - Level 9.5 Fighting
 + Level 11.2 Axes
 - Level 4.0 Throwing
 - Level 6.2 Armour
 - Level 2.1 Dodging
 - Level 5.0 Shields


You had 10 spell levels left.
You didn't know any spells.
Your spell library was empty.

Inventory:

Hand Weapons
 w - a +0 morningstar
 Y - a +3 war axe of freezing (weapon)
Missiles
 q - 3 boomerangs
 s - 3 silver javelins (quivered)
Armour
 a - the +0 helmet of Kumieck (worn) {+Blink +Inv rPois Regen+}
   (You acquired it on level 1 of the Dungeon)

   rPois:     It protects you from poison.
   +Inv:      It lets you turn invisible.
   +Blink:    It lets you blink.
   Regen:     It increases your rate of health regeneration.
 f - a +2 buckler (worn)
 l - a +0 chain mail
 m - +0 ice dragon scales (worn)
 u - a +0 pair of gloves (worn)
Jewellery
 o - a +6 ring of strength (left hand)
Scrolls
 j - 4 scrolls of identify
Potions
 b - 4 potions of haste
 c - a potion of berserk rage {unknown}
 d - 2 potions of might
 e - 2 potions of resistance
 h - a potion of curing
 i - 2 potions of lignification
 k - a potion of attraction
 n - 2 potions of mutation

Dungeon Overview and Level Annotations

Branches:
Dungeon (9/15)             Temple (0/1) D:7
   Lair: D:8-11         Orc: D:9-12

Altars:
Fedhas
Gozag
Hepliaklqana
Kikubaaqudgha
Qazlal

Shops:
D:2 (   D:7 (

Annotations:
D:7 1 runed translucent door, Crazy Yiuf


Message History

You kill the gnoll sergeant!
The kobold throws a stone.
The stone hits you but does no damage. The gnoll hits you but does no damage.
You see here a troll corpse.
You hit the two-headed ogre. You freeze the two-headed ogre.
The two-headed ogre is lightly wounded.
You slash the kobold! You freeze the kobold.
You kill the kobold!
The two-headed ogre barely misses you. You block the two-headed ogre's attack.
The gnoll hits you but does no damage.
You barely miss the two-headed ogre.
The two-headed ogre is lightly wounded.
An orc warrior comes into view. It is wielding a +0 mace.
The gnoll hits you but does no damage.
The orc warrior shouts!
You slash the two-headed ogre! You freeze the two-headed ogre.
The two-headed ogre is moderately wounded.
You hear a shout!
You hear a bellow!
The two-headed ogre barely misses you. You block the two-headed ogre's attack.
The gnoll hits you from afar with a +0 spear.
A kobold comes into view. It is wielding a +0 whip.
The kobold shouts!
You hit the two-headed ogre. You freeze the two-headed ogre.
The two-headed ogre is heavily wounded.
You hear a shout!
A centaur comes into view.
The two-headed ogre hits you with a +0 giant club!
You block the two-headed ogre's attack. The gnoll barely misses you.
A kobold brigand comes into view.
It is wielding a +0 dagger and quivering poisoned darts.
You barely miss the two-headed ogre.
The two-headed ogre is heavily wounded.
The centaur shouts!
The gnoll barely misses you.
A kobold comes into view. It is wielding a +0 whip.
You hit the two-headed ogre. You freeze the two-headed ogre.
The two-headed ogre is heavily wounded.
The centaur wields a +0 shortbow.
The centaur shoots an arrow.
The arrow hits you! The two-headed ogre barely misses you.
The two-headed ogre hits you with a +0 giant club!!
You die...

......#........#..
..................
..........<.......
..c.#...#.#####...
.K..##..#[#.##?#$.
........)........
K......)###...#..
K.....).......#
...o..)@..#.....
..#....O..# $... .
#...g...... ..
#.......###.. #
#~.<.....#
#~........
#~.........
#~..........


You could see a two-headed ogre, an orc warrior, a kobold brigand, a centaur, a
gnoll and 2 kobolds.

Vanquished Creatures
  Pikel (D:8)
  Joseph (D:7)
  Maggie (D:7)
  A troll (D:9)
  Grinder (D:4)
  A hornet (D:8)
  Sigmund (D:2)
  17 yaks (D:8)
  Duvessa (D:4)
  3 sky beasts
  2 black bears (D:5)
  An ice beast (D:8)
  A centaur (D:6)
  An ogre (D:7)
  3 lemures (D:8)
  3 phantoms
  A kobold brigand (D:8)
  A bullfrog (D:4)
  2 necrophages (D:5)
  A gnoll sergeant (D:9)
  3 scorpions
  Dowan (D:4)
  3 killer bees (D:8)
  3 howler monkeys (D:8)
  A jelly (D:6)
  4 orc priests
  5 hounds
  A gnoll bouda (D:4)
  Terence (D:2)
  Jessica (D:2)
  An iguana (D:5)
  5 orc wizards
  12 gnolls
  7 adders
  A white imp (D:5)
  2 ufetubi (D:5)
  A dart slug (D:2)
  22 orcs
  6 ball pythons
  11 bats
  An endoplasm (D:2)
  2 giant cockroaches
  11 goblins
  12 hobgoblins
  5 jackals
  11 kobolds
  2 quokkas
  3 frilled lizards
  5 rats
187 creatures vanquished.

Notes
Turn   | Place    | Note
-------+----------+-------------------------------------------
     0 | D:1      | qw the Gargoyle Fighter began the quest for the Orb.
     0 | D:1      | Reached XP level 1. HP: 14/14 MP: 1/1
     0 | D:1      | 0 ||| qw: Version: 0.2-a-12-gaebbb33
     0 | D:1      | 0 ||| qw: Game counter: 1038
     0 | D:1      | 0 ||| qw: Always use a shield: true
     0 | D:1      | 0 ||| qw: God list: Okawaru
     0 | D:1      | 0 ||| qw: Allow faded altars: false
     0 | D:1      | 0 ||| qw: Do Orc after D:15 true
     0 | D:1      | 0 ||| qw: Do second Lair branch before Depths: true
     0 | D:1      | 0 ||| qw: Lair rune preference: random
     0 | D:1      | 0 ||| qw: Plans: Normal, Zot:1-4, God:TSO, Crypt, Tomb,
                  | Pan, Slime:5, Hells, Abyss, Orb
     0 | D:1      | 0 ||| PLANNING D:1-11
    56 | D:1      | Reached skill level 2 in Axes
    78 | D:1      | 78 ||| DROPPING +0 club.
   125 | D:1      | Reached XP level 2. HP: 19/19 MP: 2/2
   513 | D:1      | 513 ||| UPGRADING to +2 buckler.
   523 | D:1      | 523 ||| DROPPING +0 buckler.
   524 | D:1      | 524 ||| DROPPING +2 buckler.
   525 | D:1      | 525 ||| UPGRADING to +0 ice dragon scales.
   535 | D:1      | 535 ||| READING scroll labelled OHY REEPOK.
   536 | D:1      | 536 ||| READING scroll labelled SEMY HAUWISS.
   537 | D:1      | 537 ||| READING scroll labelled BOMIAD CEGUX.
   537 | D:1      | Identified a scroll of acquirement
   537 | D:1      | 537 ||| ACQUIRING +0 helmet of Kumieck {+Blink +Inv rPois
                  | Regen+}
   537 | D:1      | Acquired the +0 helmet of Kumieck {+Blink +Inv rPois
                  | Regen+}
   539 | D:1      | 539 ||| UPGRADING to +0 helmet of Kumieck {+Blink +Inv
                  | rPois Regen+}.
   544 | D:1      | 544 ||| DRINKING 2 metallic cyan potions.
   561 | D:2      | Noticed Jessica
   562 | D:2      | 562 ||| Stepping ~*~*~tactically~*~*~ (hiding).
   565 | D:2      | Found Iffuce Tedi's Weapon Shop.
   565 | D:2      | Noticed Terence
   566 | D:2      | Killed Jessica
   567 | D:2      | Reached skill level 3 in Axes
   567 | D:2      | Reached XP level 3. HP: 18/23 MP: 3/3
   567 | D:2      | 567 ||| FLEEEEING.
   568 | D:2      | 568 ||| STAIRDANCE
   593 | D:2      | Killed Terence
   594 | D:2      | Reached skill level 4 in Axes
   594 | D:2      | Reached XP level 4. HP: 28/28 MP: 4/4
   596 | D:2      | 596 ||| DROPPING +0 whip.
   608 | D:2      | 608 ||| SHOPLISTING +1 morningstar of draining (170 gold,
                  | have 53).
   666 | D:2      | 666 ||| Stepping ~*~*~tactically~*~*~ (stealth).
   666 | D:2      | Noticed Sigmund
   688 | D:2      | HP: 7/28 [something (6)]
   694 | D:2      | HP: 7/28 [something (5)]
   699 | D:2      | HP: 6/28 [something (5)]
   716 | D:2      | Killed Sigmund
   717 | D:2      | Reached skill level 5 in Axes
   717 | D:2      | Reached XP level 5. HP: 15/32 MP: 5/5
   717 | D:2      | Reached XP level 6. HP: 17/37 MP: 6/6
   856 | D:2      | 856 ||| Stepping ~*~*~tactically~*~*~ (hiding).
   857 | D:2      | 857 ||| Stepping ~*~*~tactically~*~*~ (hiding).
  1138 | D:2      | 1138 ||| Stepping ~*~*~tactically~*~*~ (stealth).
  1140 | D:2      | 1140 ||| Stepping ~*~*~tactically~*~*~ (stealth).
  1141 | D:2      | 1141 ||| Stepping ~*~*~tactically~*~*~ (stealth).
  1226 | D:2      | 1226 ||| Stepping ~*~*~tactically~*~*~ (stealth).
  1246 | D:2      | 1246 ||| DROPPING +0 scale mail.
  1247 | D:2      | 1247 ||| UPGRADING to +6 ring of strength.
  1248 | D:2      | 1248 ||| READING scroll labelled VYLULYJUDI.
  1249 | D:2      | 1249 ||| READING scroll labelled OXACEO PERRU.
  1250 | D:2      | 1250 ||| READING scroll labelled MIWOEKH MAMN.
  1251 | D:2      | 1251 ||| READING scroll labelled NIMUSE XUOSHROS.
  1698 | D:3      | Found a faded altar of an unknown god.
  1770 | D:3      | 1770 ||| DRINKING 2 glowing yellow potions.
  1771 | D:3      | 1771 ||| DRINKING 2 fuming white potions.
  1794 | D:4      | Noticed a sky beast
  1799 | D:4      | Killed a sky beast
  1803 | D:4      | Noticed Dowan
  1806 | D:4      | Noticed Duvessa
  1808 | D:4      | Killed Dowan
  1809 | D:4      | Reached XP level 7. HP: 41/43 MP: 7/7
  1819 | D:4      | HP: 10/43 [Duvessa/+0 rapier (5)]
  1820 | D:4      | 1820 ||| DRINKING potion of heal wounds.
  1826 | D:4      | Killed Duvessa
  1827 | D:4      | Reached skill level 6 in Axes
  1864 | D:4      | 1864 ||| Stepping ~*~*~tactically~*~*~ (hiding).
  2020 | D:4      | Noticed Grinder
  2021 | D:4      | 2021 ||| Stepping ~*~*~tactically~*~*~ (hiding).
  2050 | D:4      | Killed Grinder
  2051 | D:4      | Reached skill level 7 in Axes
  2051 | D:4      | Reached XP level 8. HP: 46/48 MP: 8/8
  2352 | D:4      | 2352 ||| READING scroll of enchant weapon.
  2352 | D:4      | 2352 ||| ENCHANTING +1 war axe of freezing.
  2526 | D:4      | Reached skill level 1 in Throwing
  2736 | D:4      | 2736 ||| READING scroll labelled QALEVEIW OFA.
  2746 | D:4      | 2746 ||| DRINKING 2 blue potions.
  2765 | D:4      | 2765 ||| DRINKING 2 purple potions.
  2765 | D:4      | Gained mutation: Your body sometimes deteriorates upon
                  | taking damage. [potion of mutation]
  2765 | D:4      | Gained mutation: You are covered in fur. (AC +1) [potion of
                  | mutation]
  2765 | D:4      | Gained mutation: You have a somewhat thin skeletal
                  | structure. (Dex +2, Stealth+) [potion of mutation]
  2766 | D:4      | 2766 ||| READING 2 scrolls of identify.
  2766 | D:4      | 2766 ||| IDENTIFYING murky brown potion
  2789 | D:5      | Entered Level 5 of the Dungeon
  2797 | D:5      | Reached skill level 8 in Axes
  2850 | D:5      | 2850 ||| READING scroll of enchant weapon.
  2850 | D:5      | 2850 ||| ENCHANTING +2 war axe of freezing.
  2888 | D:5      | Reached skill level 6 in Fighting
  2920 | D:5      | 2920 ||| Stepping ~*~*~tactically~*~*~ (stealth).
  2999 | D:5      | Reached XP level 9. HP: 55/55 MP: 9/9
  3316 | D:5      | 3316 ||| READING scroll labelled ZEZASS RARI.
  3317 | D:5      | 3317 ||| READING 2 scrolls labelled ICEOHUEPHO.
  3318 | D:5      | 3318 ||| READING 2 scrolls of identify.
  3318 | D:5      | 3318 ||| IDENTIFYING black potion
  3319 | D:5      | 3319 ||| DROPPING potion of invisibility.
  3320 | D:5      | 3320 ||| DROPPING scroll of blinking.
  3351 | D:6      | 3351 ||| STAIRDANCE
  3362 | D:6      | 3362 ||| STAIRDANCE
  3373 | D:6      | 3373 ||| Stepping ~*~*~tactically~*~*~ (stealth).
  3374 | D:6      | 3374 ||| Stepping ~*~*~tactically~*~*~ (stealth).
  3380 | D:6      | 3380 ||| Stepping ~*~*~tactically~*~*~ (stealth).
  3381 | D:6      | 3381 ||| Stepping ~*~*~tactically~*~*~ (stealth).
  3386 | D:6      | 3386 ||| Stepping ~*~*~tactically~*~*~ (hiding).
  3398 | D:6      | Reached skill level 9 in Axes
  3512 | D:6      | 3512 ||| Stepping ~*~*~tactically~*~*~ (stealth).
  3515 | D:6      | 3515 ||| Stepping ~*~*~tactically~*~*~ (hiding).
  3516 | D:6      | 3516 ||| Stepping ~*~*~tactically~*~*~ (hiding).
  3525 | D:6      | 3525 ||| DRINKING 2 potions of curing.
  3525 | D:6      | 3525 ||| (to cure confusion)
  3528 | D:6      | 3528 ||| Stepping ~*~*~tactically~*~*~ (hiding).
  3530 | D:6      | 3530 ||| Stepping ~*~*~tactically~*~*~ (hiding).
  3535 | D:6      | Reached skill level 3 in Throwing
  3572 | D:6      | Found a blossoming altar of Fedhas.
  3573 | D:6      | Found an ancient bone altar of Kikubaaqudgha.
  3681 | D:6      | Found a stormy altar of Qazlal.
  3699 | D:6      | Found a hazy altar of Hepliaklqana.
  3806 | D:6      | 3806 ||| READING 3 scrolls of identify.
  3806 | D:6      | 3806 ||| IDENTIFYING fizzy golden potion
  3872 | D:7      | Found a runed translucent door.
  3873 | D:7      | Noticed Crazy Yiuf
  3904 | D:7      | Found a staircase to the Ecumenical Temple.
  4042 | D:7      | Noticed Joseph
  4053 | D:7      | Killed Joseph
  4188 | D:7      | Noticed Maggie
  4190 | D:7      | 4190 ||| Stepping ~*~*~tactically~*~*~ (hiding).
  4191 | D:7      | 4191 ||| Stepping ~*~*~tactically~*~*~ (hiding).
  4205 | D:7      | HP: 12/57 [Maggie/bolt of fire (25)]
  4206 | D:7      | 4206 ||| DRINKING 2 potions of heal wounds.
  4210 | D:7      | Killed Maggie
  4475 | D:7      | Found Poasurua's Antique Weapon Boutique.
  4488 | D:7      | 4488 ||| BUYING morningstar (104 gold).
  4488 | D:7      | Bought a morningstar for 104 gold pieces
  4488 | D:7      | 4488 ||| SHOPLISTING runed eveningstar (468 gold, have
                  | 268).
  4488 | D:7      | 4488 ||| DROPPING +0 flail.
  4853 | D:7      | 4853 ||| UPGRADING to +0 pair of gloves.
  4858 | D:7      | 4858 ||| READING 2 scrolls labelled VYUMETSAWUE.
  4921 | D:7      | 4921 ||| READING scroll labelled QAETIT IBLI.
  4922 | D:7      | 4922 ||| READING scroll labelled VIOLOAVOMOW.
  4923 | D:7      | 4923 ||| READING scroll labelled XECZAO ZOAB.
  4924 | D:7      | 4924 ||| READING 5 scrolls of identify.
  4924 | D:7      | 4924 ||| IDENTIFYING pink potion
  4925 | D:7      | 4925 ||| DROPPING potion of flight.
  4989 | D:8      | 4989 ||| Stepping ~*~*~tactically~*~*~ (hiding).
  5121 | D:8      | Noticed Pikel
  5139 | D:8      | HP: 14/57 [Pikel/+2 whip of flaming (4)]
  5140 | D:8      | 5140 ||| READING scroll of teleportation.
  5140 | D:8      | HP: 4/57 [Pikel/+2 whip of flaming (11)]
  5140 | D:8      | HP: 1/57 [Pikel/+2 whip of flaming (3)]
  5141 | D:8      | 5141 ||| DRINKING potion of heal wounds.
  5179 | D:8      | 5179 ||| Stepping ~*~*~tactically~*~*~ (stealth).
  5196 | D:8      | Reached XP level 10. HP: 45/63 MP: 10/10
  5198 | D:8      | Reached skill level 10 in Axes
  5218 | D:8      | 5218 ||| Stepping ~*~*~tactically~*~*~ (stealth).
  5242 | D:8      | Reached skill level 6 in Armour
  5353 | D:8      | Reached skill level 11 in Axes
  5485 | D:8      | 5485 ||| Stepping ~*~*~tactically~*~*~ (stealth).
  5496 | D:8      | 5496 ||| Stepping ~*~*~tactically~*~*~ (stealth).
  5497 | D:8      | 5497 ||| Stepping ~*~*~tactically~*~*~ (stealth).
  5512 | D:8      | 5512 ||| Stepping ~*~*~tactically~*~*~ (stealth).
  5513 | D:8      | 5513 ||| Stepping ~*~*~tactically~*~*~ (stealth).
  5514 | D:8      | 5514 ||| Stepping ~*~*~tactically~*~*~ (stealth).
  5553 | D:8      | 5553 ||| Stepping ~*~*~tactically~*~*~ (stealth).
  5560 | D:8      | 5560 ||| Stepping ~*~*~tactically~*~*~ (stealth).
  5597 | D:8      | 5597 ||| Stepping ~*~*~tactically~*~*~ (stealth).
  5599 | D:8      | 5599 ||| Stepping ~*~*~tactically~*~*~ (stealth).
  5603 | D:8      | Killed Pikel
  5604 | D:8      | Reached skill level 9 in Fighting
  5605 | D:8      | 5605 ||| Stepping ~*~*~tactically~*~*~ (stealth).
  5606 | D:8      | 5606 ||| Stepping ~*~*~tactically~*~*~ (hiding).
  5613 | D:8      | 5613 ||| Stepping ~*~*~tactically~*~*~ (stealth).
  5621 | D:8      | Reached XP level 11. HP: 71/71 MP: 11/11
  5631 | D:8      | 5631 ||| Stepping ~*~*~tactically~*~*~ (stealth).
  5724 | D:8      | Found an opulent altar of Gozag.
  6080 | D:8      | 6080 ||| READING scroll labelled QYPANIRHOL.
  6114 | D:9      | 6114 ||| Stepping ~*~*~tactically~*~*~ (hiding).
  6129 | D:9      | Noticed a two-headed ogre
  6141 | D:9      | HP: 13/71 [centaur/arrow (10)]
  6141 | D:9      | Slain by a two-headed ogre

Levels and vault maps discovered:
D:1:      lemuel_arrival_funnel, layout_basic
D:2:      layout_rooms, serial_shops, nicolae_shop_bloodbath_and_beyond,
          amcnicky_mini_rare_corridor_liquid, uniq_jessica, uniq_terence,
          uniq_sigmund
D:3:      layout_rooms, hellmonk_ecumenical_altar_arch_garden,
          minmay_goblin_outpost
D:4:      layout_basic, uniq_duvessa, uniq_grinder
D:5:      layout_cave_pools, kennysheep_generic_room_10
D:6:      layout_rooms, grunt_temple_overflow_growth_and_decay,
          mainiacjoe_overflow_swirl
D:7:      layout_loops_corners, minmay_temple_entry_slanted, serial_shops, shop,
          uniq_crazy_yiuf_cottage, uniq_maggie, uniq_joseph
D:8:      layout_basic, lemuel_round_altar, uniq_pikel
D:9:      cheibrodos_ideogram_h, layout_cave_pools, dpeg_oklobed_lair

Skill      XL: |  1  2  3  4  5  6  7  8  9 10 11 |
---------------+----------------------------------+-----
Axes           | 2 3 4 5 7 8 9 11 | 11.2
Dodging        | 2 |  2.1
Fighting       | 4 6 7 9 |  9.5
Throwing       | 1 3 4 |  4.0
Armour         | 4 5 6 |  6.2
Shields        | 4 5 |  5.0

Action                   |  1- 3 |  4- 6 |  7- 9 | 10-12 || total
-------------------------+-------+-------+-------+-------++-------
Melee: War axe           |    60 |   106 |   278 |   125 ||   569
Throw: Boomerang         |       |       |    28 |    23 ||    51
       Javelin           |       |       |    18 |     8 ||    26
  Use: Scroll            |     3 |     4 |    14 |     1 ||    22
       Potion            |     1 |     2 |     6 |       ||     9
Armor: Scale mail        |    22 |       |       |       ||    22
       Ice dragon scales |    12 |    86 |   141 |    53 ||   292
Dodge: Dodged            |    25 |    29 |   157 |    39 ||   250
Block: Buckler           |    14 |    34 |    79 |    39 ||   166

Table legend:
 A = Non-vault XP
 B = Vault XP
 C = Vault XP percentage of total XP
 D = Non-vault monster count
 E = Vault monster count
 F = Vault count percentage of total count
                 A         B        C        D         E       F
            +---------+---------+-------+---------+---------+-------
      Total |    7197 |    2644 |  26.9 |     164 |      20 |  10.9
            +---------+---------+-------+---------+---------+-------
        D:1 |      22 |       0 |   0.0 |      13 |       0 |   0.0
        D:2 |      73 |     322 |  81.5 |      22 |       3 |  12.0
        D:3 |      28 |      18 |  39.1 |      17 |       9 |  34.6
        D:4 |     625 |     500 |  44.4 |      26 |       3 |  10.3
        D:5 |     832 |      43 |   4.9 |      21 |       1 |   4.5
        D:6 |     727 |       0 |   0.0 |      13 |       0 |   0.0
        D:7 |     348 |     819 |  70.2 |       4 |       2 |  33.3
        D:8 |    4409 |     641 |  12.7 |      42 |       1 |   2.3
        D:9 |     133 |     301 |  69.4 |       6 |       1 |  14.3
            +---------+---------+-------+---------+---------+-------
